 Dungeon Crawl Stone Soup version 0.30.0 (webtiles) character file.

Game seed: 12388753696202763116

830 Kenran the Basher (level 7, -4/41 HPs)
             Began as a Gargoyle Monk on May 6, 2023.
             Was an Initiate of Gozag.
             Killed by divine providence
             ... invoked by an orc priest
              (11 damage)
             ... on level 5 of the Dungeon.
             The game lasted 00:10:11 (4118 turns).

Kenran the Basher (Gargoyle Monk)                   Turns: 4118, Time: 00:10:12

Health: -4/41      AC: 25    Str: 16    XL:     7   Next: 97%
Magic:  7/7        EV: 10    Int: 11    God:    Gozag
Gold:   392        SH:  0    Dex: 12    Spells: 6/6 levels left

rFire   + . .        a - +0 mace
rCold   . . .        d - orb {light}
rNeg    + . .        f - +10 plate armour of Somewhere Else {rF+}
rPois   ∞            (no helmet)
rElec   +            (no cloak)
rCorr   .            (no gloves)
SInv    .            (no boots)
Will    .....        (no amulet) Stlth
                     E - +5 ring of evasion
HPRegen 0.26/turn    (no ring)
MPRegen 0.10/turn

%: no passive effects
@: glowing
A: sickness immunity, AC +4, negative energy resistance 1, electricity
resistance, torment resistance 1, petrification resistance, subdued magic 1,
MP-powered wands
a: Renounce Religion, Potion Petition, Call Merchant, Bribe Branch


You were on level 5 of the Dungeon.
You worshipped Gozag.
Gozag was aware of your devotion.
You visited 2 branches of the dungeon, and saw 6 of its levels.

You collected 1523 gold pieces.
You spent 1131 gold pieces at shops.


Innate Abilities, Weirdness & Mutations

You are immune to sickness and miasma.
Your stone body is resilient. (AC +4)
You are immune to poison.
You resist negative energy. (rN+)
You are resistant to electric shocks. (rElec)
You are resistant to unholy torment.
You are immune to petrification.
Your spells are a little easier to cast, but a little less powerful.
You expend magic power (3 MP) to strengthen your wands.


   Skills:
 - Level 3.2 Fighting
 + Level 9.0 Maces & Flails
 - Level 2.0 Armour
 - Level 2.4 Dodging


You had 6 spell levels left.
You didn't know any spells.
Your spell library contained the following spells:

 Spells                   Type           Power      Damage    Failure   Level
 Apportation              Tloc           0%         N/A       100%        1
 Magic Dart               Conj           0%         1d3       100%        1
 Necrotise                Necr           0%         1d4       100%        1
 Summon Small Mammal      Summ           0%         N/A       100%        1
 Searing Ray              Conj           0%         2d4       100%        2
 Call Canine Familiar     Summ           0%         N/A       100%        3
 Summon Guardian Golem    Hex/Summ       0%         N/A       100%        3
 Fulminant Prism          Conj/Hex       0%         3d5       100%        4
 Summon Forest            Summ/Tloc      0%         N/A       100%        5
 Summon Mana Viper        Hex/Summ       0%         N/A       100%        5
 Summon Cactus Giant      Summ           0%         N/A       100%        6

Inventory:

Hand Weapons
 a - a +0 mace (weapon)
 q - a +2 mace of draining
   (You found it on level 3 of the Dungeon)
Missiles
 e - 11 stones (quivered)
Armour
 d - an orb of light (worn)
 f - the +10 plate armour of Somewhere Else (worn) {rF+}
   (You bought it in a shop on level 2 of the Dungeon)

   rF:        It protects you from fire.
Jewellery
 E - a +5 ring of evasion (left hand)
   (You found it on level 5 of the Dungeon)
Wands
 p - a wand of roots (10)
   (You found it on level 3 of the Dungeon)
 u - a wand of paralysis (3)
   (You found it on level 4 of the Dungeon)
 y - a wand of flame (11)
   (You took it off an orc priest on level 4 of the Dungeon)
Scrolls
 b - a scroll of fog
 m - a scroll of enchant weapon
 o - 2 scrolls of amnesia
 r - 2 scrolls of immolation {!r!r}
 t - a scroll of enchant armour
 x - 2 scrolls of identify {@r1}
Potions
 c - a potion of ambrosia
 g - a potion of might {unknown}
 h - a potion of curing {unknown}
 i - 2 potions of heal wounds {unknown}
 j - 2 potions of attraction {unknown}
 k - a potion of brilliance {unknown}
 n - 3 potions of mutation {!q}
 s - 2 potions of flight {unknown}
 w - a potion of degeneration {unknown}

Dungeon Overview and Level Annotations

Branches:
Dungeon (5/15) Zot: 26007  Temple (1/1) D:4 Zot: 5840

Altars:
Ashenzari
Cheibriados
Dithmenos
Elyvilon
Fedhas
Gozag
Hepliaklqana
Makhleb
Okawaru
Ru
Sif Muna
Uskayaw
Yredelemnul
The Shining One

Shops:
D:2 [

Annotations:
D:2 exclusion: downstairs
D:4 exclusion: downstairs

....###.# #............ # ....#
#.# #....o.......#. . .#..###.#
#............#. # .##..##.#
#|...........#. # .##...#.####
#.o....o....... # .##...#....##
#......o....... #
.##.........###..............####
.##.....##....####............##.
.##..##.........@.o..............
.##..##..###........|..........#.
.##..###..##.##...............##.
.##..# ##.....................#..
.##..# #....#.........<.###..#.#
.##..#####...............# ##...#
.#.....................#.# #...##
.......######..........#.# #.#.#
........## ##...........###.#.#


You could see 2 orc priests and an orc (fleeing).


Message History

You take 2 damage, and now have 33/41 hp.
You hit the white imp but do no damage. The white imp barely misses you.
You hit the white imp but do no damage. The white imp gestures at you.
The puff of frost hits you but does no damage. 😕 HP[+1]
You hit the white imp but do no damage.
The white imp hits you but does no damage.
You hit the white imp.
You kill the white imp!
The jelly jiggles.
You hit the jelly but do no damage. The acid corrodes you!
Your hands burn!
The jelly barely misses you. 😮 HP[-4]
You take 4 damage, and now have 30/41 hp.
You are too injured to fight recklessly!
You are too injured to fight recklessly!
You are too injured to fight recklessly!
You are too injured to fight recklessly!
You are too injured to fight recklessly!
You are too injured to fight recklessly!
You hit the jelly but do no damage.
Your hands burn!
The jelly hits you.
You are splashed with acid!
* * * LOW HITPOINT WARNING * * *
😨 HP[-11]
You take 11 damage, and now have 19/41 hp.
MASSIVE DAMAGE!! (PAUSE)
Aiming: Paralyse
Press: ? - help, Shift-Dir - straight line, f - jelly
Aim: a jelly (haloed, chance to affect: 57%)
The jelly suddenly stops moving!
You are too injured to fight recklessly!
You are too injured to fight recklessly!
The helpless jelly fails to defend itself.
You sock the jelly!
Your hands burn!
* * * LOW HITPOINT WARNING * * *
😨 HP[-1]
You take 1 damage, and now have 18/41 hp.
The helpless jelly fails to defend itself.
You hit the jelly.
Your hands burn!
* * * LOW HITPOINT WARNING * * *
The helpless jelly fails to defend itself.
You hit the jelly.
You kill the jelly!
Your Maces & Flails skill increases to level 9!
You now have 383 gold pieces (gained 8).
You now have 387 gold pieces (gained 4). 😨 HP[+1]
You start resting.
You are no longer corroded. 😨 HP[+1]
You start resting. 😎 HP[+21]
Your hp is fully restored (41).
You now have 392 gold pieces (gained 5).
z - a staff of cold {!a} You drop a staff of cold {!a}.
You see here a staff of cold {!a}.
An orc priest comes into view. It is wielding a +0 club.
The orc priest shouts!
You hear a shout!
Okay, then.
An orc comes into view. It is wielding a +0 hand axe.
An orc priest comes into view. It is wielding a +1 whip of draining.
The orc priest mumbles some strange prayers to Beogh against you.
Pain shoots through your body! 😕 HP[-1]
You take 1 damage, and now have 40/41 hp.
The orc priest invokes the aid of Beogh against you.
Beogh smites you! 😮 HP[-13]
You take 13 damage, and now have 27/41 hp.
MASSIVE DAMAGE!! (PAUSE)
Okay, then.
The orc priest mumbles some strange prayers to Beogh against you.
Beogh smites you!
* * * LOW HITPOINT WARNING * * *
😨 HP[-12]
You take 12 damage, and now have 15/41 hp.
MASSIVE DAMAGE!! (PAUSE)
The orc priest invokes the aid of Beogh against you.
Beogh smites you!
* * * LOW HITPOINT WARNING * * *
😱 HP[-10]
You take 10 damage, and now have 5/41 hp.
MASSIVE DAMAGE!! (PAUSE) 😱 HP[+1]
As you read the scroll labelled WOYLAC PO EJU, it crumbles to dust.
You assume a fearsome visage.
The orc looks frightened!
It was a scroll of fear.
As you read the scroll labelled ZECZE EHAXEI, it crumbles to dust.
You hear a loud clanging noise!
It was a scroll of noise.
You hear a shout!
It was a potion of mutation.
You feel extremely strange.
Your connection to magic feels subdued.
You feel your magical essence link to the dungeon's wands.
The orc priest invokes the aid of Beogh against you.
Beogh smites you!
You die...
Your body crumbles into a pile of gold.

Skill      XL: |  1  2  3  4  5  6  7 |
---------------+----------------------+-----
Maces & Flails | 4 5 6 7 9 |  9.0
Armour         | 2 |  2.0
Fighting       | |  3.2
Dodging        | |  2.4

Action                     |  1- 3 |  4- 6 |  7- 9 || total
---------------------------+-------+-------+-------++-------
  Melee: Mace              |    96 |   117 |    79 ||   292
  Evoke: Wand              |       |     2 |     1 ||     3
    Use: Scroll            |     4 |     3 |     2 ||     9
         Potion            |       |       |     1 ||     1
   Stab: Paralysed         |       |       |     3 ||     3
 Armour: Robe              |    31 |       |       ||    31
         Plate armour      |    16 |    99 |    53 ||   168
  Dodge: Dodged            |    58 |    30 |    23 ||   111

Levels and vault maps discovered:
D:1:      grunt_arrival_lava_bath, layout_loops_cross
D:2:      minmay_inner_zag, layout_basic, shapermc_ecumenical_altar_flowoftime,
          serial_shops, shop
D:3:      layout_basic, bloody_makhleb, uniq_jessica
D:4:      layout_cave_pods, minmay_temple_entry_slanted
D:5:      layout_rooms, chequers_jeans
Temple:   hellmonk_temple_forest_ring

Notes
Turn   | Place    | Note
-------+----------+-------------------------------------------
     0 | D:1      | Kenran the Gargoyle Monk began the quest for the Orb.
     0 | D:1      | Reached XP level 1. HP: 14/14 MP: 1/1
     0 | D:1      | magus.rc [v1.11.6]
    55 | D:1      | You add the spells Magic Dart, Searing Ray and Fulminant
                  | Prism to your library.
   146 | D:1      | Reached XP level 2. HP: 19/19 MP: 2/2
   447 | D:1      | Reached skill level 4 in Maces & Flails
   554 | D:1      | Reached XP level 3. HP: 23/23 MP: 3/3
   639 | D:2      | You add the spells Necrotise, Summon Small Mammal and
                  | Apportation to your library.
  1011 | D:2      | Found Mojir's Armour Shop.
  1088 | D:2      | Found a faded altar of an unknown god.
  1326 | D:2      | Identified a scroll of acquirement
  1328 | D:2      | Acquired 1120 gold pieces
  1406 | D:2      | Bought the +10 plate armour of Somewhere Else {rF+} for
                  | 1131 gold pieces
  1437 | D:3      | Found a burning altar of Makhleb.
  1611 | D:2      | Reached XP level 4. HP: 28/28 MP: 4/4
  1740 | D:3      | Reached skill level 5 in Maces & Flails
  1855 | D:3      | Noticed Jessica
  1870 | D:3      | Killed Jessica
  1871 | D:3      | Reached XP level 5. HP: 32/32 MP: 5/5
  2075 | D:3      | Reached skill level 6 in Maces & Flails
  2222 | D:3      | You add the spells Call Canine Familiar and Summon Guardian
                  | Golem to your library.
  2533 | D:4      | Reached XP level 6. HP: 32/37 MP: 6/6
  2609 | D:4      | Noticed an ice beast
  2624 | D:4      | Killed an ice beast
  2625 | D:4      | Reached skill level 7 in Maces & Flails
  2734 | D:4      | Found a staircase to the Ecumenical Temple.
  2750 | Temple   | Entered the Ecumenical Temple
  2901 | Temple   | Became a worshipper of Gozag Ym Sagoz the Greedy
  3199 | D:4      | You add the spells Summon Forest, Summon Mana Viper and
                  | Summon Cactus Giant to your library.
  3472 | D:5      | Entered Level 5 of the Dungeon
  3500 | D:4      | Reached XP level 7. HP: 41/41 MP: 7/7
  3622 | D:5      | Reached skill level 8 in Maces & Flails
  3904 | D:5      | Reached skill level 1 in Armour
  3909 | D:5      | Reached skill level 2 in Armour
  3978 | D:5      | Reached skill level 9 in Maces & Flails
  4112 | D:5      | HP: 5/41 [orc priest/divine providence (10)]
  4118 | D:5      | Gained mutation: Your spells are a little easier to cast,
                  | but a little less powerful. [potion of mutation]
  4118 | D:5      | Gained mutation: You expend magic power (3 MP) to
                  | strengthen your wands. [potion of mutation]
  4118 | D:5      | Killed from afar by an orc priest

Vanquished Creatures
  A water moccasin (D:5)
  An ice beast (D:4)
  2 scorpions
  2 hounds
  2 jellies (D:5)
  3 orc priests
  3 sleepcaps (D:5)
  Jessica (D:3)
  An iguana (D:4)
  An orc wizard (D:2)
  10 adders
  A white imp (D:5)
  An ufetubus (D:5)
  3 dart slugs
  6 orcs
  5 bats
  3 endoplasms
  3 giant cockroaches
  2 hobgoblins (D:1)
  2 jackals (D:1)
  2 quokkas
  5 ball pythons
  4 frilled lizards (D:1)
  7 kobolds
  4 rats
75 creatures vanquished.

Vanquished Creatures (others)
  2 plants (D:2)
  A withered plant (D:2)
3 creatures vanquished.

Grand Total: 78 creatures vanquished

Table legend:
 A = Non-vault XP
 B = Vault XP
 C = Vault XP percentage of total XP
 D = Non-vault monster count
 E = Vault monster count
 F = Vault count percentage of total count
                 A         B        C        D         E       F
            +---------+---------+-------+---------+---------+-------
      Total |    1133 |      54 |   4.5 |      70 |       5 |   6.7
            +---------+---------+-------+---------+---------+-------
        D:1 |      34 |       0 |   0.0 |      21 |       0 |   0.0
        D:2 |      47 |      17 |  26.6 |       7 |       4 |  36.4
        D:3 |     115 |      37 |  24.3 |      16 |       1 |   5.9
        D:4 |     404 |       0 |   0.0 |      14 |       0 |   0.0
        D:5 |     533 |       0 |   0.0 |      12 |       0 |   0.0
            +---------+---------+-------+---------+---------+-------

Skill      XL: |  1  2  3  4  5  6  7 |
---------------+----------------------+-----
Maces & Flails | 4 5 6 7 9 |  9.0
Armour         | 2 |  2.0
Fighting       | |  3.2
Dodging        | |  2.4

Action                     |  1- 3 |  4- 6 |  7- 9 || total
---------------------------+-------+-------+-------++-------
  Melee: Mace              |    96 |   117 |    79 ||   292
  Evoke: Wand              |       |     2 |     1 ||     3
    Use: Scroll            |     4 |     3 |     2 ||     9
         Potion            |       |       |     1 ||     1
   Stab: Paralysed         |       |       |     3 ||     3
 Armour: Robe              |    31 |       |       ||    31
         Plate armour      |    16 |    99 |    53 ||   168
  Dodge: Dodged            |    58 |    30 |    23 ||   111

Illustrated notes

Table legend:
 A = Kills in this place as a percentage of kills in the entire game.
 B = Kills by you in this place as a percentage of kills by you in the entire game.
 C = Kills by friends in this place as a percentage of kills by friends in the entire game.
 D = Other kills in this place as a percentage of other kills in the entire game.
 E = Experience gained in this place as a percentage of experience gained in the entire game.
 F = Experience gained in this place divided by the number of levels of this place that you have seen.
                   A       B       C       D       E      F
               +-------+-------+-------+-------+-------+----------------------
         Total | 100.0 | 100.0 |   N/A |   N/A | 100.0 | 197.8
       Dungeon | 100.0 | 100.0 |   N/A |   N/A | 100.0 | 237.4
               +-------+-------+-------+-------+-------+----------------------

Table legend: (Time is in decaauts)
 A = Elapsed time spent in this place.
 B = Non-inter-level travel time spent in this place.
 C = Inter-level travel time spent in this place.
 D = Time resting spent in this place.
 E = Time spent auto-exploring this place.
 F = Levels seen in this place.
 G = Mean time per level.
                   A        B        C        D        E       F      G
               +--------+--------+--------+--------+--------+-----+--------+
         Total |   4151 |   3900 |    251 |    320 |   2567 |   6 |  691.8 |
       Dungeon |   3991 |   3759 |    232 |    320 |   2438 |   5 |  798.2 |
        Temple |    159 |    140 |     19 |      0 |    129 |   1 |  159.0 |
               +--------+--------+--------+--------+--------+-----+--------+

Top non-repeatable levels by time:
     D:4: 1126 daAuts
     D:2: 894 daAuts
     D:3: 808 daAuts
     D:1: 644 daAuts
     D:5: 516 daAuts
  Temple: 159 daAuts
